 Dungeon Crawl Stone Soup version 0.25.1-2-g60ff931df9 (webtiles) character file.

Game seed: 16521652491604630024

49 DildoBatman the Magician (level 4, 0/30 HPs)
             Began as a Formicid Wizard on Sept 3, 2020.
             Slain by a bat (1 damage)
             ... on level 2 of the Dungeon.
             The game lasted 00:03:58 (1522 turns).

DildoBatman the Magician (Formicid Wizard)          Turns: 1522, Time: 00:03:59

Health: 0/30       AC:  2    Str: 12    XL:     4   Next: 1%
Magic:  8/8        EV: 12    Int: 18    God:
Gold:   119        SH:  0    Dex:  9    Spells: 2/9 levels left

rFire    . . .     SeeInvis +   a - +0 whip (elec)
rCold    . . .     Gourm    .   (no shield)
rNeg     . . .     Faith    .   e - +0 robe
rPois    .         Spirit   .   (helmet unavailable)
rElec    .         Reflect  .   (no cloak)
rCorr    .         Harm     .   (no gloves)
MR       .....                  (no boots)
Stlth    ++........             (no amulet)
HPRegen  0.10/turn              (no ring)
MPRegen  0.11/turn              (no ring)

@: no status effects
A: permanent stasis, dig shafts and tunnels, four strong arms, antennae 3
a: Dig, Shaft Self


You were on level 2 of the Dungeon.
You were not hungry.

You visited 1 branch of the dungeon, and saw 2 of its levels.

You collected 119 gold pieces.

Inventory:

Hand Weapons
 a - a +0 whip of electrocution (weapon)
Missiles
 b - 79 stones (quivered)
 h - 49 sling bullets
 i - 2 boomerangs
 n - 19 arrows
Armour
 e - a +0 robe (worn)
Scrolls
 c - 2 scrolls of identify {unknown}
 j - 2 scrolls of teleportation {unknown}
 k - a scroll of enchant weapon {unknown}
 o - a scroll of enchant armour {unknown}
Potions
 d - a potion of mutation {unknown}
 g - a potion of heal wounds {unknown}
 l - a potion of magic {unknown}
 m - a potion of might {unknown}
Comestibles
 f - a chunk of flesh
 v - a ration


   Skills:
 - Level 1.7 Dodging
 - Level 2.4 Stealth
 - Level 3.2 Spellcasting
 * Level 3.2 Conjurations
   Level 1.0 Summonings
   Level 0.8 Translocations


You had 2 spell levels left.
You knew the following spells:

 Your Spells              Type           Power        Failure   Level  Hunger
a - Conjure Flame         Conj/Fire      #.......     24%         3    ###....
c - Magic Dart            Conj           ##..         4%          1    None
e - Mephitic Cloud        Conj/Pois/Air  #.......     30%         3    ###....

Your spell library contained the following spells:

 Spells                   Type           Power        Failure   Level  Hunger
 Call Imp                 Summ           #.......     16%         2    ##.....
 Slow                     Hex            #.......     24%         2    ##.....
 Blink                    Tloc           Unusable     N/A         2    N/A

Dungeon Overview and Level Annotations

Branches:
Dungeon (2/15)

Altars:
Elyvilon


Innate Abilities, Weirdness & Mutations

You cannot be hasted, slowed, berserked, paralysed or teleported.
You can dig through walls and to a lower floor.
Your four strong arms can wield two-handed weapons with a shield.
You have a pair of large antennae on your head. (SInv)


Message History

The rat closely misses you. What are your orders? t - Shout!
Orders for allies: a - Attack new target. r - Retreat! s - Stop attacking. g - Guard the area. f - Follow me.
Anything else - Cancel.
You shout for attention!
The bat misses you. The rat bites you. What are your orders? t - Shout!
Orders for allies: a - Attack new target. r - Retreat! s - Stop attacking. g - Guard the area. f - Follow me.
Anything else - Cancel.
You shout for attention!
The bat hits you but does no damage. The bat hits you.
You die...

#.# #.# #.#
#.# #.#
##########.#
#..........#
#..#########
#r@#
......b##
..##### {


You could see a bat and a rat.

Vanquished Creatures
  An adder (D:2)
  An ooze (D:2)
  A dart slug (D:1)
  6 orcs (D:2)
  A giant cockroach (D:1)
  2 goblins (D:1)
  2 hobgoblins (D:1)
  A quokka (D:2)
  4 bats
  A frilled lizard (D:1)
  5 kobolds
  3 rats (D:1)
28 creatures vanquished.

Notes
Turn   | Place    | Note
-------+----------+-------------------------------------------
     0 | D:1      | DildoBatman the Formicid Wizard began the quest for the
                  | Orb.
     0 | D:1      | Reached XP level 1. HP: 13/13 MP: 4/4
    80 | D:1      | Reached skill level 1 in Conjurations
   124 | D:1      | You fall into a shaft and drop 1 floor!
   368 | D:1      | Reached XP level 2. HP: 19/19 MP: 0/6
   941 | D:1      | Reached XP level 3. HP: 24/24 MP: 4/7
   946 | D:1      | Learned a level 3 spell: Conjure Flame
   950 | D:1      | Learned a level 3 spell: Mephitic Cloud
  1333 | D:2      | Reached XP level 4. HP: 16/30 MP: 3/8
  1424 | D:2      | Found a white marble altar of Elyvilon.
  1521 | D:2      | HP: 1/30 [rat (1)]
  1522 | D:2      | Slain by a bat

Illustrated notes

Levels and vault maps discovered:
D:1:      elethiomel_arrival_maze, layout_basic
D:2:      layout_loops_ring, elyvilon_altar_4

Skill      XL: |  1  2  3 |
---------------+----------+-----
Conjurations   | 1 2 3 |  3.2
Dodging        | |  1.7
Stealth        | |  2.4
Spellcasting   | |  3.2
Summonings     | |  1.0
Translocations | |  0.8

Action                   |  1- 3 |  4- 6 || total
-------------------------+-------+-------++-------
Melee: Whip              |     8 |       ||     8
Throw: Stone             |     3 |       ||     3
 Cast: Magic Dart        |    72 |       ||    72
 Abil: Dig               |       |     1 ||     1
  Eat: Chunk             |     1 |     1 ||     2
Armor: Robe              |     3 |    32 ||    35
Dodge: Dodged            |    10 |    74 ||    84
